 Dungeon Crawl Stone Soup version 0.22-a0-525-gf69a080 (webtiles) character file.

49 inc the Ducker (level 3, 17/17 HPs)
             Began as a Felid Chaos Knight on June 21, 2018.
             Quit the game on level 3 of the Dungeon.
             The game lasted 00:03:44 (3149 turns).

inc the Ducker (Felid Chaos Knight)                 Turns: 3149, Time: 00:03:45

Health: 17/17      AC:  1    Str:  8    XL:     3   Next: 53%
Magic:  4/4        EV: 22    Int: 14    God:    Xom [..*...]
Gold:   101        SH:  0    Dex: 15    Spells: 2/2 levels left
                                        Lives:  0   Deaths: 1

rFire    . . .     SeeInvis +     - Unarmed
rCold    . . .     Gourm    .   (shield unavailable)
rNeg     . . .     Faith    .   (armour unavailable)
rPois    .         Spirit   .   (helmet unavailable)
rElec    .         Reflect  .   (cloak unavailable)
rCorr    .         Harm     .   (gloves unavailable)
MR       .....                  (boots unavailable)
Stlth    ++........             (no amulet)
HPRegen  0.05/turn              (no ring)
MPRegen  0.09/turn              (no ring)

@: quick
A: very small, no armour, no weapons or thrown items, stealth, claws 1, fangs 3,
see invisible, carnivore, speed 1, shaggy fur 1, slow metabolism 1, sharp paws
a: Renounce Religion


You were on level 3 of the Dungeon.
You worshipped Xom.
You were a toy of Xom.
You were not hungry.

You visited 1 branch of the dungeon, and saw 3 of its levels.

You collected 101 gold pieces.

Inventory:

Scrolls
 d - a scroll of magic mapping {unknown}
 e - a scroll of fear {unknown}
 f - a scroll of fog {unknown}
 g - 2 scrolls of remove curse {unknown}
 h - 2 scrolls of immolation {unknown}
Potions
 b - a potion of agility
 c - 2 potions of lignification
 i - 4 potions of heal wounds
 j - 2 potions of degeneration
Comestibles
 a - 7 rations


   Skills:
 - Level 3.0 Fighting
 - Level 6.6 Dodging
 + Level 3.0 Unarmed Combat


You had 2 spell levels left.
You didn't know any spells.
Your spell library was empty.

Dungeon Overview and Level Annotations

Branches:
Dungeon (3/15)

Altars:

Annotations:
D:3 Robin


Innate Abilities, Weirdness & Mutations

You cannot wear armour.
You are incapable of wielding weapons or throwing items.
Your paws allow you to move quietly. (Stealth)
You have sharp claws.
You have razor-sharp teeth.
You have supernaturally acute eyesight. (SInv)
You are carnivorous and can eat meat at any time.
You cover ground quickly.
You are covered in fur. (AC +1)
You have a slow metabolism.
Your sharp claws are effective at attacking unaware monsters.


Message History

* * * LOW HITPOINT WARNING * * *
A shower of butterflies erupts from you!
The hobgoblin misses you.
You are too injured to fight recklessly!
You are too injured to fight recklessly!
Unknown command.
The goblin shouts!
The goblin unwields an uncursed hunting sling.
The goblin wields an uncursed dagger.
The goblin hits you with an uncursed dagger.
You stop ascending the stairs.
You die...
Something hits your butterfly.
Your butterfly dies!
Robin roars a battlecry!
The hobgoblin misses you. The goblin misses you.
You are now level 3!
You rejoin the land of the living...
Found a whip and 8 gold pieces.
Are you sure you want to abandon this character and quit the game? (Confirm with "yes".)

# #.####
#....#
#@#
#...)$..#
####.####
#.. ###


There were no monsters in sight!

Vanquished Creatures
  4 adders (D:2)
  4 dart slugs
  A ball python (D:2)
  2 giant cockroaches (D:2)
  3 hobgoblins (D:1)
  3 jackals (D:1)
  10 kobolds
  4 bats
  3 frilled lizards (D:1)
  17 goblins
  8 rats
59 creatures vanquished.

Vanquished Creatures (collateral kills)
  A bat (D:1)
  A goblin (D:1)
2 creatures vanquished.

Grand Total: 61 creatures vanquished

Notes
Turn   | Place    | Note
-------+----------+-------------------------------------------
     0 | D:1      | inc the Felid Chaos Knight began the quest for the Orb.
     0 | D:1      | Reached XP level 1. HP: 10/10 MP: 2/2
   182 | D:1      | XOM: smoke on damage
   183 | D:1      | Reached skill level 4 in Dodging
   188 | D:1      | Reached XP level 2. HP: 10/14 MP: 3/3
   203 | D:1      | XOM: harmless Necr miscast
   315 | D:1      | XOM: cast spell 'Summon Small Mammal'
   315 | D:1      | XOM: smoke on damage
   404 | D:1      | XOM: medium Chrm miscast
   474 | D:1      | XOM: divination: detect items
   585 | D:1      | Reached skill level 5 in Dodging
   797 | D:1      | XOM: harmless Tmut miscast
   846 | D:1      | Reached XP level 3. HP: 17/17 MP: 4/4
  2077 | D:2      | XOM: potion effect (brilliance)
  2085 | D:2      | Reached skill level 6 in Dodging
  2085 | D:2      | Reached XP level 4. HP: 20/21 MP: 5/5
  2188 | D:2      | XOM is BORED!
  2188 | D:2      | XOM: harmless Ice miscast
  2189 | D:2      | XOM: potion effect (agility)
  2335 | D:3      | Noticed Robin
  2851 | D:2      | XOM is BORED!
  2851 | D:2      | XOM: medium Air miscast
  2916 | D:2      | XOM: god gift: scroll labeled KOSUFAS ATICS {god gift}
  2967 | D:2      | XOM: noise
  3147 | D:3      | XOM: butterfly on damage
  3148 | D:3      | Slain by a goblin
  3149 | D:3      | Reached XP level 3. HP: -1/17 MP: 4/4
  3149 | D:3      | Quit the game

Vault maps used:
D:1:      nicolae_arrival_somewhat_less_tricky_arrival, hangedman_decor_points,
          minmay_misc_feat_cross, minmay_misc_feat_tiny
D:3:      first_ration, uniq_robin

Skill      XL: |  1  2  3 |
---------------+----------+-----
Dodging        | 4 5 6 |  6.6
Fighting       | |  3.0
Unarmed Combat | |  3.0

Action                   |  1- 3 |  4- 6 || total
-------------------------+-------+-------++-------
Melee: Unarmed           |   133 |    54 ||   187
       Bite              |    11 |     3 ||    14
       Punch             |     1 |     1 ||     2
  Use: Scroll            |     4 |       ||     4
 Stab: Sleeping          |     3 |       ||     3
  Eat: Chunk             |     1 |     3 ||     4
Armor: Skin              |     4 |     3 ||     7
Dodge: Dodged            |   170 |    72 ||   242

Table legend:
 A = Spawn XP
 B = Non-spawn XP
 C = Spawn XP percentage of total XP
 D = Spawn monster count
 E = Non-spawn monster count
 F = Spawn count percentage of total count
 G = Total turns spent on level
                    A         B        C        D         E        F      G
               +---------+---------+-------+---------+---------+-------+---------
         Total |       0 |     151 |   0.0 |       0 |      61 |   0.0 |  3149
               +---------+---------+-------+---------+---------+-------+---------
           D:1 |       0 |      52 |   0.0 |       0 |      31 |   0.0 |  2206
           D:2 |       0 |      85 |   0.0 |       0 |      23 |   0.0 |   908
           D:3 |       0 |      14 |   0.0 |       0 |       7 |   0.0 |    35
               +---------+---------+-------+---------+---------+-------+---------
